 Dungeon Crawl Stone Soup version 0.31.0-12-g77e489cdc1 (webtiles) character file.

Game seed: 16394348835419311077

290 Ijustatesigmund the Digger (level 6, 0/35 HPs)
             Began as a Gargoyle Earth Elementalist on Feb 19, 2024.
             Slain by a gnoll
             ... wielding a +0 club
              (2 damage)
             ... on level 4 of the Dungeon.
             The game lasted 00:05:13 (3853 turns).

Ijustatesigmund the Digger (GrEE)                   Turns: 3853, Time: 00:05:13

Health: 0/35       AC:  6    Str: 12    XL:     6   Next: 32%
Magic:  19/19      EV: 11    Int: 17    God:
Gold:   196        SH:  0    Dex: 10    Spells: 7/11 levels left

rFire   . . .        e - +0 morningstar
rCold   . . .        (no shield)
rNeg    + . .        a - +0 robe
rPois   ∞            (no helmet)
rElec   +            (no cloak)
rCorr   .            (no gloves)
SInv    .            (no boots)
Will    .....        (no amulet)
Stlth   ++           g - ring of magical power
HPRegen 0.25/turn    (no ring)
MPRegen 0.16/turn

%: no passive effects
@: no status effects
A: sickness immunity, AC +4, negative energy resistance 1, electricity
resistance, torment resistance 1, petrification resistance
a: no special abilities


You were on level 4 of the Dungeon.
You visited 1 branch of the dungeon, and saw 4 of its levels.
You also visited: Ossuary.

You collected 196 gold pieces.

Inventory:

Hand Weapons
 e - a +0 morningstar (weapon)
Armour
 a - a +0 robe (worn)
Jewellery
 g - a ring of magical power (left hand)
 i - a ring of protection from cold
Scrolls
 c - a scroll of fog
 q - a scroll of teleportation {unknown}
 r - a scroll of vulnerability {unknown}
 s - 2 scrolls of fear {unknown}
Potions
 b - a potion of magic
 d - 3 potions of brilliance
 f - a potion of enlightenment
 h - a potion of mutation
 j - a potion of cancellation {unknown}
 k - a potion of attraction {unknown}
 l - 3 potions of curing {unknown}
 m - a potion of ambrosia {unknown}
 n - 2 potions of invisibility {unknown}
 o - a potion of heal wounds {unknown}


   Skills:
 - Level 2.1 Fighting
 + Level 1.8 Maces & Flails
 - Level 1.5 Dodging
 - Level 2.1 Stealth
 + Level 3.3 Spellcasting
 * Level 3.4 Conjurations
 + Level 5.1 Earth Magic


You had 7 spell levels left.
You knew the following spells:

 Your Spells              Type           Power      Damage    Failure   Level
a - Sandblast             Erth           40%        2d10      1%          1
b - Stone Arrow           Conj/Erth      34%        3d9       9%          3

Your spell library contained the following spells:

 Spells                   Type           Power      Damage    Failure   Level
 Passwall                 Erth           20%        N/A       6%          3
 Dazzling Flash           Conj/Hex       16%        N/A       26%         3
 Brom's Barrelling Bould  Conj/Erth      17%        2d4       28%         4
 Mephitic Cloud           Conj/Alch/Air  6%         N/A       32%         3
 Petrify                  Alch/Erth      11%        N/A       52%         4
 Curse of Agony           Necr           2%         N/A       99%         5
 Silence                  Hex/Air        1%         N/A       99%         5


Dungeon Overview and Level Annotations

Branches:
Dungeon (4/15)            Ossuary (visited)
 Temple: D:4-7

Altars:


Innate Abilities, Weirdness & Mutations

You are immune to sickness and miasma.
Your stone body is resilient. (AC +4)
You are immune to poison.
You resist negative energy. (rN+)
You are resistant to electric shocks. (rElec)
You are resistant to unholy torment.
You are immune to petrification.


Message History

No target in view!
No target in view!
An iguana comes into view.
A gnoll comes into view. It is wielding a +0 spear.
The gnoll shouts!
You hear a shout! x2
A gnoll comes into view. It is wielding a +0 club.
A gnoll comes into view. It is wielding a +0 whip.
A gnoll comes into view. It is wielding a +0 flail.
The gnoll moves out of view.
The gnoll hits you from afar with a +0 spear.
The gnoll barely misses you.
You closely miss the gnoll.
The iguana hisses angrily.
The gnoll barely misses you. x2
The gnoll shouts!
You hit the gnoll but do no damage. The gnoll hits you with a +0 club!
The gnoll hits you with a +0 whip. The gnoll hits you but does no damage.
The gnoll hits you with a +0 spear. The gnoll completely misses you.
The gnoll closely misses you.
You puncture the gnoll!
The gnoll is heavily wounded.
The gnoll hits you with a +0 whip. The gnoll barely misses you.
The gnoll closely misses you.
You barely miss the gnoll.
The gnoll is heavily wounded.
The gnoll closely misses you. The gnoll hits you with a +0 spear.
You barely miss the iguana. The gnoll barely misses you.
The iguana closely misses you. The gnoll barely misses you.
The gnoll hits you but does no damage. The gnoll barely misses you.
The gnoll misses you. The iguana bites you.
You are too injured to fight recklessly!
You are too injured to fight recklessly!
You are too injured to fight recklessly!
You are too injured to fight recklessly!
The gnoll hits you from afar with a +0 spear.
The iguana barely misses you. The iguana bites you!
* * * LOW HITPOINT WARNING * * *
The gnoll attacks as it pursues you! The gnoll hits you with a +0 club.
You die...

#.##..######
#..........# #
#..........# .#
#.....##...# ..#
#.....##...##...#
.......#.....##........#
.......#.....##lg......#
.......#.....@g.g.#
.......+.......g..#
.......#.....##...#
.......#.....##...#
.......#..........#
.......'..........#
.......##'#####...#
.......#.....##...#
.......#.....# ..


You could see an iguana and 4 gnolls.

Vanquished Creatures
  A jelly (D:4)
  A hound (D:4)
  2 human zombies (Ossuary)
  5 mummies
  3 adders
  2 dart slugs (D:2)
  9 orcs
  5 ball pythons
  3 endoplasms
  A giant cockroach (D:2)
  A gnoll zombie (Ossuary)
  2 goblins
  3 hobgoblins
  4 jackals (D:1)
  3 quokkas (D:1)
  6 bats
  3 goblin zombies (Ossuary)
  5 kobolds
  3 kobold zombies (Ossuary)
  4 rats
  3 rat zombies (Ossuary)
69 creatures vanquished.

Notes
Turn   | Place    | Note
-------+----------+-------------------------------------------
     0 | D:1      | Ijustatesigmund the Gargoyle Earth Elementalist began the
                  | quest for the Orb.
     0 | D:1      | Reached XP level 1. HP: 10/10 MP: 3/3
   239 | D:1      | Reached XP level 2. HP: 16/16 MP: 3/5
   360 | D:1      | Reached skill level 1 in Fighting
   454 | D:1      | Reached skill level 4 in Earth Magic
  1020 | D:2      | Reached XP level 3. HP: 20/20 MP: 6/6
  1687 | D:3      | Found a faded altar of an unknown god.
  1883 | D:3      | Reached XP level 4. HP: 12/26 MP: 8/8
  1888 | D:3      | Learned a level 3 spell: Stone Arrow
  2224 | D:2      | HP: 1/26 [orc/+0 club (5)]
  2635 | D:3      | Identified the +4 chain mail of Experimentation {-Cast
                  | rElec Regen+ Str+3}
  3187 | D:4      | Reached skill level 1 in Maces & Flails
  3187 | D:4      | Reached XP level 5. HP: 30/30 MP: 9/9
  3191 | D:4      | Found a sand-covered staircase.
  3197 | Ossuary  | Entered an ossuary
  3412 | Ossuary  | Reached skill level 5 in Earth Magic
  3463 | Ossuary  | Reached XP level 6. HP: 26/35 MP: 10/10
  3853 | D:4      | Slain by a gnoll

Illustrated notes

Levels and vault maps discovered:
D:1:      lemuel_arrival_hallway, layout_basic
D:2:      layout_basic, serial_forest, infiniplex_forest_lined_1,
          infiniplex_forest_clump_long, infiniplex_forest_straight_4,
          infiniplex_forest_straight_3, infiniplex_forest_lined_4_way,
          infiniplex_forest_side_room, infiniplex_forest_corner_1
D:3:      layout_loops_ring, hellmonk_ecumenical_altar_heavens_door,
          serial_bayou_crossing
D:4:      layout_gridville, serial_shops, shop, gup_ossuary_entry_pyramid,
          minmay_tree_intersection, uniq_ijyb

Skill      XL: |  1  2  3  4  5 |
---------------+----------------+-----
Fighting       | 1 2 |  2.1
Earth Magic    | 4 5 |  5.1
Conjurations   | 2 3 |  3.4
Maces & Flails | 1 |  1.8
Spellcasting   | 3 |  3.3
Dodging        | |  1.5
Stealth        | |  2.1

Action                     |  1- 3 |  4- 6 || total
---------------------------+-------+-------++-------
  Melee: Long sword        |    16 |       ||    16
         Mace              |    18 |    13 ||    31
         Morningstar       |       |    79 ||    79
         Punch             |       |     4 ||     4
   Cast: Sandblast         |    46 |    30 ||    76
    Use: Scroll            |       |     5 ||     5
   Stab: Sleeping          |     2 |       ||     2
 Armour: Robe              |    43 |    93 ||   136
  Dodge: Dodged            |    50 |    93 ||   143
